 Dungeon Crawl Stone Soup version 0.22-a0-553-g9358b0b (webtiles) character file.

653 Amnesiac the Cutter (level 7, -2/35 HPs)
             Began as a Vine Stalker Fighter on June 25, 2018.
             Slain by a wyvern (12 damage)
             ... on level 6 of the Dungeon.
             The game lasted 00:02:31 (2229 turns).

Amnesiac the Cutter (Vine Stalker Fighter)          Turns: 2229, Time: 00:02:32

Health: -2/35      AC:  6    Str: 20    XL:     7   Next: 54%
Magic:  0/8        EV:  8    Int:  8    God:
Gold:   84         SH:  9    Dex: 14    Spells: 6/6 levels left

rFire    . . .     SeeInvis .   h - +2 dagger (drain)
rCold    . . .     Gourm    .   c - +0 shield
rNeg     . . .     Faith    .   b - +0 scale mail
rPois    .         Spirit   +   (no helmet)
rElec    .         Reflect  .   (no cloak)
rCorr    .         Harm     .   (no gloves)
MR       .....                  (no boots)
Stlth    ..........             (no amulet)
HPRegen  0.51/turn              (no ring)
MPRegen  0.11/turn              (no ring)

@: no status effects
A: fangs 2, regeneration 1, magic shield, antimagic bite, no potion heal 3, rot
immunity
a: no special abilities


You were on level 6 of the Dungeon.
You were not hungry.

You visited 1 branch of the dungeon, and saw 6 of its levels.

You collected 84 gold pieces.

Inventory:

Hand Weapons
 h - a +2 dagger of draining (weapon)
Armour
 a - a +0 helmet
 b - a +0 scale mail (worn)
 c - a +0 shield (worn)
Wands
 j - a wand of random effects (11)
Scrolls
 i - a scroll of remove curse {!r, unknown}
 l - 2 scrolls of identify {!r, unknown}
 o - a scroll of enchant weapon {!r, unknown}
 p - a scroll of teleportation {!r, unknown}
Potions
 d - a potion of might {!q}
 e - 2 potions of heal wounds {!q, unknown}
 g - 2 potions of haste {!q, unknown}
 k - a potion of flight {!q, unknown}
 m - a potion of mutation {!q, unknown}
 n - 2 potions of curing {!q, unknown}
Comestibles
 f - 6 rations


   Skills:
 - Level 2.6 Fighting
 * Level 6.9 Short Blades
 - Level 2.4 Armour
 - Level 2.4 Dodging
 - Level 2.6 Shields


You had 6 spell levels left.
You didn't know any spells.
Your spell library was empty.

Dungeon Overview and Level Annotations

Branches:
Dungeon (6/15)
 Temple: D:4-7

Altars:
Makhleb
Xom


Innate Abilities, Weirdness & Mutations

You have extremely sharp teeth.
Your natural rate of healing is unusually fast.
When hurt, damage is shared between your health and your magic reserves.
Your bite disrupts and absorbs the magic of your enemies.
Potions cannot restore your health.
You are immune to rotting.


Message History

Done exploring.
Done exploring.
Done exploring.
There is an open door, spattered with blood here.
There is an open door here.
There is an open door here.
You are feeling hungry.
You can't go down here!
(D) Dungeon
Where to? (Enter - D:5 @ (x,y), ? - help)
You see here a robe.
There is a stone staircase leading down here.
You see here a robe.
There is an escape hatch in the floor here.
There is an open door here.
There is an open door here.
There is a stone staircase leading up here.
There is an open door here.
You are feeling very hungry.
You can't go up here!
(D) Dungeon
Where to? (Enter - D:5 @ (x,y), ? - help)
There is an open door here.
There is an escape hatch in the ceiling here.
You eat one of the 7 rations.
That ration really hit the spot!
A mysterious force pulls you upwards. The hatch slams shut behind you.
(D) Dungeon
Where to? (Enter - D:5 @ (x,y), ? - help)
What level of the Dungeon? (default 1, ? - help)
There is a stone staircase leading down here.
You climb downwards.
There is a stone staircase leading up here.
There is a stone staircase leading down here.
You climb downwards.
An ogre comes into view. It is wielding a giant club.
The ogre shouts!
Found a ration.
Found a stone staircase leading up.
There is a stone staircase leading up here.
A wyvern comes into view.
The wyvern hisses angrily.
The ogre hits you with a giant club!
Found a gold wand.
You hit the ogre.
The ogre is lightly wounded.
The ogre hits you with a giant club!
* * * LOW HITPOINT WARNING * * *
Your scale mail prevents you from hitting the ogre.
You bite the ogre. You drain its power.
You feel invigorated.
The ogre is lightly wounded.
You block the wyvern's attack. The wyvern barely misses you.
There is a stone staircase leading up here.
The wyvern bites you!
* * * LOW HITPOINT WARNING * * *
You hit the wyvern. You bite the wyvern, but do no damage.
The wyvern is lightly wounded.
The wyvern barely misses you.
You hear a distant blaring wail to the northeast.
You hear a shout! x3
You closely miss the wyvern. You bite the wyvern. You drain its power.
You feel invigorated.
The wyvern is lightly wounded.
The wyvern bites you!
You die...

#. #.# #.# #.#
# #%## .# #<.##
##.#
..#####...##..#
/........Ol@.#
.#####...####
...............
#.######.#####.
#.# #.# ..# #.#
.#


You could see a wyvern and an ogre.

Vanquished Creatures
  A water moccasin (D:5)
  An ice beast (D:4)
  A scorpion (D:5)
  A water moccasin skeleton (D:4)
  A howler monkey (D:4)
  A jelly (D:5)
  A crimson imp (D:5)
  A hound (D:5)
  An orc priest (D:3)
  A bullfrog skeleton (D:4)
  Ijyb (D:5)
  An iguana (D:5)
  A worker ant (D:5)
  A hound skeleton (D:4)
  3 adders
  A howler monkey skeleton (D:5)
  An adder zombie (D:5)
  2 worms (D:2)
  A dart slug (D:1)
  A leopard gecko (D:3)
  4 orcs (D:4)
  2 giant cockroaches
  A hobgoblin (D:1)
  10 jackals
  4 kobolds
  2 bats
  4 goblins
  A leopard gecko skeleton (D:5)
  A leopard gecko zombie (D:5)
  A rat (D:1)
53 creatures vanquished.

Vanquished Creatures (others)
  2 ogres (D:5)
  A scorpion (D:5)
  An adder (D:5)
  An orc (D:5)
  A jackal (D:5)
6 creatures vanquished.

Grand Total: 59 creatures vanquished

Notes
Turn   | Place    | Note
-------+----------+-------------------------------------------
     0 | D:1      | Amnesiac the Vine Stalker Fighter began the quest for the Orb.
     0 | D:1      | Reached XP level 1. HP: 11/11 MP: 2/2
    31 | D:1      | Reached skill level 2 in Short Blades
    51 | D:1      | Reached XP level 2. HP: 11/16 MP: 3/3
   248 | D:2      | Reached skill level 1 in Dodging
   248 | D:2      | Reached XP level 3. HP: 9/19 MP: 4/4
   405 | D:3      | Reached skill level 3 in Short Blades
   440 | D:3      | Gained mutation: Your natural rate of healing is unusually fast. [Vine Stalker growth]
   440 | D:3      | Reached XP level 4. HP: 20/23 MP: 5/5
   570 | D:4      | Reached XP level 5. HP: 27/27 MP: 6/6
   654 | D:4      | Reached skill level 4 in Short Blades
   840 | D:4      | Reached XP level 6. HP: 30/32 MP: 7/7
   852 | D:4      | Noticed an ice beast
   864 | D:4      | Killed an ice beast
   864 | D:4      | Reached skill level 5 in Short Blades
  1053 | D:5      | Entered Level 5 of the Dungeon
  1195 | D:5      | Found a shimmering altar of Xom.
  1196 | D:5      | Noticed a water moccasin
  1205 | D:5      | Killed a water moccasin
  1205 | D:5      | Reached skill level 6 in Short Blades
  1205 | D:5      | Reached XP level 7. HP: 31/35 MP: 5/8
  1445 | D:5      | Noticed Ijyb
  1476 | D:5      | Killed Ijyb
  1520 | D:5      | Found a burning altar of Makhleb.
  2219 | D:6      | Noticed a wyvern
  2229 | D:6      | Slain by a wyvern

Vault maps used:
D:1:      dpeg_arrival_houses_and_road, minmay_misc_feat_five
D:2:      nicolae_gozag_seed_capital, yredelemnul_forgotten_temple_becter,
          marbit_many_paths, uniq_natasha, uniq_terence
D:3:      serial_aquarium, aquarium_bridge_island_large,
          aquarium_bridge_straight, aquarium_window_fake, aquarium_window_fake,
          aquarium_window_corner, aquarium_view_2b, aquarium_view_2b
D:5:      xom_confusion_cloud, first_ration, makhleb_heckhound_becter, uniq_ijyb
D:6:      kennysheep_mini_moat, minmay_temple_entry_butterflies

Skill      XL: |  1  2  3  4  5  6 |
---------------+-------------------+-----
Short Blades   | 2 3 4 6 |  6.9
Dodging        | 1 2 |  2.4
Fighting       | |  2.6
Armour         | |  2.4
Shields        | |  2.6

Action                   |  1- 3 |  4- 6 |  7- 9 || total
-------------------------+-------+-------+-------++-------
Melee: Rapier            |    20 |       |       ||    20
       Bite              |    19 |    34 |    20 ||    73
       Dagger            |    50 |   101 |    61 ||   212
  Eat: Chunk             |       |     1 |     2 ||     3
       Ration            |       |       |     1 ||     1
Armor: Scale mail        |    23 |    32 |    11 ||    66
Dodge: Dodged            |    17 |    20 |    14 ||    51
Block: Shield            |    33 |    30 |    15 ||    78

Table legend:
 A = Spawn XP
 B = Non-spawn XP
 C = Spawn XP percentage of total XP
 D = Spawn monster count
 E = Non-spawn monster count
 F = Spawn count percentage of total count
 G = Total turns spent on level
                    A         B        C        D         E        F      G
               +---------+---------+-------+---------+---------+-------+---------
         Total |       0 |     933 |   0.0 |       0 |      53 |   0.0 |  2229
               +---------+---------+-------+---------+---------+-------+---------
           D:1 |       0 |      19 |   0.0 |       0 |      11 |   0.0 |   188
           D:2 |       0 |      30 |   0.0 |       0 |       6 |   0.0 |   211
           D:3 |       0 |      62 |   0.0 |       0 |       6 |   0.0 |    52
           D:4 |       0 |     340 |   0.0 |       0 |      14 |   0.0 |   674
           D:5 |       0 |     482 |   0.0 |       0 |      16 |   0.0 |  1092
               +---------+---------+-------+---------+---------+-------+---------
